 Dungeon Crawl Stone Soup version 0.31-a0-152-g6aa68a64a1 (webtiles) character file.

Game seed: 16963343818800634967

1131 CoolSool the Magician (level 8, -1/52 HPs)
             Began as a Mummy Necromancer on June 9, 2023.
             Was a Follower of Lugonu.
             Slain by an iguana (10 damage)
             ... on level 7 of the Dungeon.
             The game lasted 00:09:31 (5164 turns).

CoolSool the Magician (Mummy Necromancer)           Turns: 5164, Time: 00:09:31

Health: -1/52      AC:  5    Str: 11    XL:     8   Next: 13%
Magic:  0/28       EV: 11    Int: 16    God:    Lugonu [*.....]
Gold:   332        SH:  3    Dex: 13    Spells: 6/22 levels left

rFire   . . .        k - +3 short sword (speed)
rCold   + . .        d - +0 buckler
rNeg    + + +        a - +0 robe
rPois   ∞            c - +2 helmet
rElec   .            (no cloak)
rCorr   .            (no gloves)
SInv    .            (no boots)
Will    +....        b - amulet of guardian spirit
Stlth   ++           h - ring of protection from fire
HPRegen 0.28/turn    i - ring of magical power
MPRegen 0.21/turn

%: guardian spirit, faith
@: animating dead
A: cold resistance 1, negative energy resistance 3, torment resistance 2, heat
vulnerability 1, in touch with death 1, no potions, faith
a: Renounce Religion, Depart the Abyss


You were on level 7 of the Dungeon.
You worshipped Lugonu.
Lugonu was aware of your devotion.
You visited 1 branch of the dungeon, and saw 7 of its levels.

You collected 332 gold pieces.

Inventory:

Hand Weapons
 k - a +3 short sword of speed (weapon)
Armour
 a - a +0 robe (worn)
 c - a +2 helmet (worn)
 d - a +0 buckler (worn)
Magical Staves
 f - a staff of death
Jewellery
 b - an amulet of guardian spirit (around neck)
 h - a ring of protection from fire (left hand)
 i - a ring of magical power (right hand)
Scrolls
 e - a scroll of silence
 g - a scroll of vulnerability
 j - 2 scrolls of magic mapping
 l - a scroll of poison


   Skills:
 - Level 1.5 Dodging
 - Level 1.5 Stealth
 + Level 7.9 Spellcasting
 + Level 7.4 Necromancy
 + Level 3.3 Invocations


You had 6 spell levels left.
You knew the following spells:

 Your Spells              Type           Power      Damage    Failure   Level
a - Necrotise             Necr           100%       1d9       1%          1
b - Vampiric Draining     Necr           45%        2d9       2%          3
c - Animate Dead          Necr           45%        N/A       8%          4
d - Agony                 Necr           45%        N/A       22%         5
e - Mephitic Cloud        Conj/Pois/Air  6%         N/A       45%         3

Your spell library contained the following spells:

 Spells                   Type           Power      Damage    Failure   Level
 Magic Dart               Conj           24%        1d4       17%         1
 Call Imp                 Summ           12%        N/A       26%         2


Dungeon Overview and Level Annotations

Branches:
Dungeon (7/15)
 Temple: D:4-7

Altars:
Hepliaklqana
Okawaru
Qazlal
Trog
Lugonu

Shops:
D:1 *   D:2 (

Portals:
Abyss: D:4


Innate Abilities, Weirdness & Mutations

You are immune to poison.
Your flesh is cold resistant. (rC+)
You are immune to negative energy. (rN+++)
You are immune to unholy pain and torment.
You are vulnerable to heat. (rF-)
You are in touch with the powers of death.
You do not drink.
You have a special connection with the divine. (Faith)


Message History

The killer bee barely misses your killer bee zombie.
The wight hits your killer bee zombie with a +4 short sword!
The wight barely misses your killer bee zombie.
Your killer bee zombie barely misses the killer bee.
The killer bee stings your killer bee zombie.
Your killer bee zombie is destroyed!
The wight attacks as you move away! The wight barely misses you.
There is a stone staircase leading down here.
The wight hits you with a +1 battleaxe of freezing!
The wight freezes you.
You climb downwards.
Found a scroll of poison.
There is a stone staircase leading up here.
Your hands tingle!
k - a +3 short sword of speed (weapon)
The wight barely misses you.
You hit the wight.
The wight is severely damaged.
The iguana hisses angrily.
You barely miss the wight.
The wight is severely damaged.
The wight hits you with a +1 battleaxe of freezing.
You hit the wight.
The wight is almost destroyed.
The wight hits you with a +1 battleaxe of freezing!
The wight freezes you.
You closely miss the wight.
The wight is almost destroyed.
The iguana bites you.
The wight hits you with a +1 battleaxe of freezing!
* * * LOW HITPOINT WARNING * * *
The wight freezes you.
* * * LOW HITPOINT WARNING * * *
Okay, then.
Okay, then.
You hit the wight.
You destroy the wight!
Lugonu accepts your kill. The iguana bites you!
You die...

...###.
.......
#......
#......
#......
#......
#.....)###.#
#.....l@...#
......?#####
#......
#######


You could see an iguana.

Vanquished Creatures
  An ogre (D:5)
  3 scorpions (D:5)
  2 bullfrogs
  A wight (D:7)
  2 killer bees (D:6)
  A hound (D:5)
  4 jellies (D:5)
  An orc priest (D:4)
  An iguana (D:6)
  2 orc wizards
  A sleepcap (D:6)
  8 adders
  A shadow imp (D:5)
  An ufetubus (D:5)
  3 dart slugs
  14 orcs
  8 endoplasms
  6 giant cockroaches
  5 goblins
  5 hobgoblins
  A quokka (D:3)
  3 ball pythons
  4 bats
  3 frilled lizards
  9 kobolds
  6 rats
  A lurking horror (D:4)
97 creatures vanquished.

Vanquished Creatures (collateral kills)
  Menkaure (D:4)
  A kobold brigand (D:6)
  An orc (D:4)
  A frilled lizard (D:2)
4 creatures vanquished.

Vanquished Creatures (others)
  2 killer bee zombies (D:6)
2 creatures vanquished.

Grand Total: 103 creatures vanquished

Notes
Turn   | Place    | Note
-------+----------+-------------------------------------------
     0 | D:1      | CoolSool the Mummy Necromancer began the quest for the Orb.
     0 | D:1      | Reached XP level 1. HP: 13/13 MP: 4/4
    41 | D:1      | Found Taoviot's General Store.
   334 | D:1      | Reached XP level 2. HP: 19/19 MP: 4/6
   881 | D:2      | Gained mutation: You are in touch with the powers of death.
                  | [Mummy growth]
   881 | D:2      | Reached XP level 3. HP: 24/24 MP: 1/8
   978 | D:2      | Learned a level 3 spell: Vampiric Draining
   985 | D:2      | Found Xukhas's Antique Weapon Emporium.
  1062 | D:2      | Found an iron altar of Okawaru.
  1949 | D:3      | Reached XP level 4. HP: 30/30 MP: 6/10
  1950 | D:3      | Reached skill level 5 in Necromancy
  2004 | D:3      | Learned a level 4 spell: Animate Dead
  2594 | D:3      | Found a bloodstained altar of Trog.
  2935 | D:4      | Reached skill level 5 in Spellcasting
  2935 | D:4      | Reached XP level 5. HP: 30/35 MP: 0/12
  3086 | D:4      | Found a stormy altar of Qazlal.
  3178 | D:4      | Noticed Menkaure
  3187 | D:4      | Killed Menkaure
  3188 | D:4      | Reached XP level 6. HP: 41/41 MP: 9/15
  3194 | D:4      | Learned a level 5 spell: Agony
  3341 | D:4      | Found a corrupted altar of Lugonu.
  3346 | D:4      | Found a one-way gate to the infinite horrors of the Abyss.
  3353 | D:4      | Became a worshipper of Lugonu the Unformed
  3384 | D:4      | Learned a level 3 spell: Mephitic Cloud
  3580 | D:5      | Entered Level 5 of the Dungeon
  3622 | D:5      | Reached skill level 1 in Invocations
  3627 | D:5      | Reached XP level 7. HP: 23/46 MP: 1/16
  4470 | D:5      | Reached * piety under Lugonu
  4888 | D:6      | Reached XP level 8. HP: 52/52 MP: 16/19
  4956 | D:6      | Found a hazy altar of Hepliaklqana.
  5164 | D:7      | Slain by an iguana

Illustrated notes

Levels and vault maps discovered:
D:1:      minmay_arrival_plants_in_alcoves, layout_basic, serial_shops, shop
D:2:      layout_basic, basic_altar, serial_shops, shop
D:3:      layout_loops_ring, trog_hazing_becter, chequers_jeans
D:4:      layout_rooms, grunt_qazlal_sundering, chequers_serial_rivers_micro_e,
          amcnicky_altar_lugonu_corruption, uniq_menkaure
D:5:      layout_loops_ring
D:6:      layout_basic, amcnicky_altar_gilded, minmay_temple_entry_fiery
D:7:      layout_basic, hangedman_abyss_or_decor_stagger, st_stairs_4

Skill      XL: |  1  2  3  4  5  6  7 |
---------------+----------------------+-----
Spellcasting   | 3 4 5 6 7 |  7.9
Necromancy     | 5 6 7 |  7.4
Invocations    | 1 3 |  3.3
Dodging        | |  1.5
Stealth        | |  1.5

Action                     |  1- 3 |  4- 6 |  7- 9 || total
---------------------------+-------+-------+-------++-------
  Melee: Unarmed           |     7 |       |       ||     7
         Staff             |    10 |     2 |     9 ||    21
         Short sword       |       |    23 |     9 ||    32
   Cast: Necrotise         |    64 |    63 |    77 ||   204
         Vampiric Draining |       |     4 |     6 ||    10
         Animate Dead      |       |       |     1 ||     1
    Use: Scroll            |     5 |     2 |     3 ||    10
   Stab: Sleeping          |     1 |       |     1 ||     2
 Armour: Robe              |     7 |    12 |    17 ||    36
  Dodge: Dodged            |    25 |    25 |    30 ||    80
  Block: Buckler           |       |     2 |    16 ||    18

Table legend: (Time is in decaauts)
 A = Elapsed time spent in this place.
 B = Non-inter-level travel time spent in this place.
 C = Inter-level travel time spent in this place.
 D = Time resting spent in this place.
 E = Time spent auto-exploring this place.
 F = Levels seen in this place.
 G = Mean time per level.
                   A        B        C        D        E       F      G
               +--------+--------+--------+--------+--------+-----+--------+
         Total |   5151 |   5009 |    142 |      0 |   4349 |   7 |  735.9 |
       Dungeon |   5151 |   5009 |    142 |      0 |   4349 |   7 |  735.9 |
               +--------+--------+--------+--------+--------+-----+--------+

Top non-repeatable levels by time:
     D:3: 1127 daAuts
     D:2: 1086 daAuts
     D:5: 1011 daAuts
     D:1: 710 daAuts
     D:4: 648 daAuts
     D:6: 563 daAuts
     D:7: 4 daAuts
